 Dungeon Crawl Stone Soup version 0.31-a0-233-g139696dc86 (webtiles) character file.

Game seed: 2470095614209164860

297 qw the Shooter (level 6, -3/51 HPs)
             Began as a Minotaur Hexslinger on July 7, 2023.
             Slain by an ogre
             ... wielding a +0 giant spiked club
              (9 damage)
             ... on level 4 of the Dungeon.
             The game lasted 00:01:02 (2985 turns).

qw the Shooter (Minotaur Hexslinger)                Turns: 2985, Time: 00:01:03

Health: -3/51      AC:  9    Str: 15    XL:     6   Next: 12%
Magic:  6/6        EV: 11    Int: 10    God:
Gold:   118        SH:  0    Dex: 15    Spells: 6/7 levels left

rFire   . . .        l - +0 orcbow
rCold   . . .        (shield currently unavailable)
rNeg    . . .        i - +0 ring mail
rPois   .            (helmet restricted)
rElec   +            (no cloak)
rCorr   .            (no gloves)
SInv    .            (no boots)
Will    .....        c - amulet "Qampeb" {RegenMP +Inv rElec Str+3}
Stlth   +            n - +4 ring of protection
HPRegen 0.28/turn    (no ring)
MPRegen 0.50/turn

%: no passive effects
@: about to teleport
A: horns 2, retaliatory headbutt
a: Evoke Invisibility


You were on level 4 of the Dungeon.
You visited 1 branch of the dungeon, and saw 4 of its levels.

You collected 118 gold pieces.


Innate Abilities, Weirdness & Mutations

You have a pair of horns on your head.
You reflexively headbutt those who attack you in melee.


   Skills:
 + Level 3.5 Fighting
 - Level 6.2 Ranged Weapons
 - Level 1.1 Armour
 - Level 2.1 Dodging
 - Level 1.0 Spellcasting
 - Level 2.0 Hexes


You had 6 spell levels left.
You knew the following spells:

 Your Spells              Type           Power      Damage    Failure   Level
a - Slow                  Hex            16%        N/A       30%         1

Your spell library contained the following spells:

 Spells                   Type           Power      Damage    Failure   Level
 Inner Flame              Hex/Fire       2%         N/A       80%         3
 Portal Projectile        Hex/Tloc       4%         N/A       80%         3
 Cause Fear               Hex            2%         N/A       96%         4

Inventory:

Hand Weapons
 l - a +0 orcbow (weapon)
Armour
 i - a +0 ring mail (worn)
Jewellery
 c - the amulet "Qampeb" (around neck) {RegenMP +Inv rElec Str+3}
   (You acquired it on level 3 of the Dungeon)

   [amulet of magic regeneration]

   It increases your rate of magic regeneration.
   Str:       It affects your strength (+3).
   rElec:     It insulates you from electricity.
   +Inv:      It lets you turn invisible.
 n - a +4 ring of protection (left hand)
Scrolls
 f - a scroll of identify
 j - a scroll of fear {unknown}
Potions
 a - 2 potions of enlightenment
 d - a potion of attraction {unknown}
 e - a potion of haste
 g - a potion of might {unknown}
 h - 2 potions of heal wounds
 k - a potion of curing {unknown}

Dungeon Overview and Level Annotations

Branches:
Dungeon (4/15)
 Temple: D:4-7

Altars:

Shops:
D:1 [


Message History

The gnoll hits you from afar with a +0 spear.
You shoot an arrow. The arrow hits the gnoll.
The gnoll is heavily wounded.
The gnoll barely misses you.
A gnoll comes into view. It is wielding a +0 whip.
You shoot an arrow. The arrow barely misses the gnoll.
The gnoll shouts!
The gnoll hits you but does no damage. The gnoll completely misses you.
The ogre barely misses you.
You shoot an arrow. The arrow barely misses the ogre.
The arrow hits the gnoll.
The gnoll is severely wounded.
A giant cockroach comes into view.
The gnoll hits you but does no damage.
The gnoll sergeant hits you but does no damage.
The ogre barely misses you. You furiously retaliate!
You headbutt the ogre. You shoot an arrow. The arrow hits the ogre!
The ogre is moderately wounded.
The gnoll barely misses you.
The gnoll sergeant hits you but does no damage.
The gnoll hits you but does no damage.
You shoot an arrow. The arrow hits the ogre!
The ogre is severely wounded.
The gnoll sergeant barely misses you. The ogre closely misses you.
You furiously retaliate!
You headbutt the ogre! The gnoll hits you but does no damage.
The gnoll hits you from afar with a +0 halberd!
The gnoll sergeant closely misses you. The gnoll hits you but does no damage.
The gnoll hits you from afar with a +0 halberd.
You shoot an arrow. The arrow barely misses the ogre.
The arrow hits the gnoll.
You kill the gnoll!
The ogre hits you with a +0 giant spiked club!!
The gnoll hits you with a +0 whip.
The gnoll sergeant hits you but does no damage.
The gnoll hits you from afar with a +0 halberd.
2985 ||| READING scroll of teleportation.
As you read the scroll of teleportation, it crumbles to dust.
You feel strangely unstable. The gnoll closely misses you.
The gnoll sergeant barely misses you.
The ogre hits you with a +0 giant spiked club!
You die...

.##..##...#####.
....####..<..... #..##
##......... #..#
##.......... #.
#..###..........#####...
...)...#.######.........
......)#.# #...g.).).
#..###...# #...gB..#
#..# ##..## ###(@O)...#
#..## ##..# #....g....#
....####..###.........#
.##..##.....#.........#
.................######
#######...##.....#
######.....# #.....#
#.....#


You could see an ogre, a gnoll sergeant, 2 gnolls and a giant cockroach.

Vanquished Creatures
  A scorpion (D:4)
  2 orc priests (D:4)
  An orc wizard (D:4)
  5 adders
  3 gnolls (D:4)
  A white imp (D:4)
  3 worms
  A dart slug (D:1)
  3 orcs
  3 ball pythons
  3 endoplasms
  4 giant cockroaches
  4 goblins
  6 hobgoblins
  3 jackals (D:2)
  4 quokkas
  5 bats
  7 frilled lizards
  7 kobolds
  3 rats
69 creatures vanquished.

Notes
Turn   | Place    | Note
-------+----------+-------------------------------------------
     0 | D:1      | qw the Minotaur Hexslinger began the quest for the Orb.
     0 | D:1      | Reached XP level 1. HP: 16/16 MP: 1/1
     0 | D:1      | 0 ||| qw: Version: 0.3-a-46-gb1f654a
     0 | D:1      | 0 ||| qw: Game counter: 3285
     0 | D:1      | 0 ||| qw: Melee chars always use a shield: true
     0 | D:1      | 0 ||| qw: God list: Okawaru
     0 | D:1      | 0 ||| qw: Allow faded altars: false
     0 | D:1      | 0 ||| qw: Do Orc after clearing Dungeon:15 true
     0 | D:1      | 0 ||| qw: Do second Lair branch before Depths: true
     0 | D:1      | 0 ||| qw: Lair rune preference: random
     0 | D:1      | 0 ||| qw: Goals: Normal
     0 | D:1      | 0 ||| PLANNING D:1-11
   380 | D:1      | Found a faded altar of an unknown god.
   514 | D:1      | Reached skill level 3 in Ranged Weapons
   591 | D:1      | Reached XP level 2. HP: 21/23 MP: 2/2
   602 | D:1      | Found Dutam's Antique Armour Boutique.
   611 | D:1      | 611 ||| SHOPLISTING glowing hat (210 gold, have 43).
   611 | D:1      | 611 ||| SHOPLISTING pair of distressingly furry gloves (285
                  | gold, have 43).
   611 | D:1      | 611 ||| SHOPLISTING pair of gloves (135 gold, have 43).
   955 | D:1      | 955 ||| UPGRADING to +0 ring mail.
   965 | D:1      | 965 ||| DROPPING +0 robe.
   966 | D:1      | 966 ||| UPGRADING to +4 ring of protection.
   967 | D:1      | 967 ||| READING scroll labelled IRCHIE XYCAFEI.
   968 | D:1      | 968 ||| READING scroll labelled HOUGEN KUK HEU.
   971 | D:1      | 971 ||| READING scroll labelled CYOTRY FYTEBB.
   972 | D:1      | 972 ||| READING scroll labelled ERGHOU ZUGUH.
   973 | D:1      | 973 ||| DRINKING 2 fuming silvery potions.
   974 | D:1      | 974 ||| DROPPING scroll of poison.
  1127 | D:2      | Reached XP level 3. HP: 29/29 MP: 3/3
  1220 | D:2      | Reached skill level 4 in Ranged Weapons
  1221 | D:2      | Reached skill level 1 in Armour
  1280 | D:2      | Reached XP level 4. HP: 31/36 MP: 4/4
  1803 | D:2      | 1803 ||| READING scroll labelled LYLASO CE FAEN.
  1804 | D:2      | 1804 ||| DRINKING 2 glowing orange potions.
  1805 | D:2      | 1805 ||| DRINKING 2 purple potions.
  1864 | D:2      | 1864 ||| DROPPING potion of lignification.
  2232 | D:3      | Reached skill level 5 in Ranged Weapons
  2653 | D:3      | 2653 ||| READING scroll labelled ACAOPPU MYOK.
  2653 | D:3      | Identified a scroll of acquirement
  2653 | D:3      | 2653 ||| ACQUIRING amulet "Qampeb" {RegenMP +Inv rElec
                  | Str+3}
  2653 | D:3      | Acquired the amulet "Qampeb" {RegenMP +Inv rElec Str+3}
  2655 | D:3      | 2655 ||| UPGRADING to amulet "Qampeb" {RegenMP +Inv rElec
                  | Str+3}.
  2660 | D:3      | 2660 ||| READING scroll labelled CAK VIYCKIENEC.
  2661 | D:3      | 2661 ||| DRINKING 2 fuming yellow potions.
  2662 | D:3      | 2662 ||| READING 2 scrolls of identify.
  2662 | D:3      | 2662 ||| IDENTIFYING murky silvery potion
  2663 | D:3      | 2663 ||| DROPPING potion of brilliance.
  2713 | D:4      | Reached skill level 3 in Fighting
  2713 | D:4      | Reached XP level 5. HP: 31/45 MP: 5/5
  2859 | D:4      | 2859 ||| READING scroll of brand weapon.
  2859 | D:4      | 2859 ||| BRANDING +2 sling of flaming.
  2891 | D:4      | Reached skill level 6 in Ranged Weapons
  2907 | D:4      | 2907 ||| SWAPPING to +0 orcbow.
  2910 | D:4      | Reached XP level 6. HP: 51/51 MP: 6/6
  2910 | D:4      | 2910 ||| DROPPING +2 heavy sling.
  2984 | D:4      | HP: 9/51 [gnoll/+0 whip[a gnoll sergeant] (6)]
  2985 | D:4      | 2985 ||| READING scroll of teleportation.
  2985 | D:4      | Slain by an ogre

Levels and vault maps discovered:
D:1:      elethiomel_arrival_maze, layout_loops_corners,
          shapermc_ecumenical_altar_pompeii, serial_shops,
          nicolae_shop_advertising_works [nicolae_subvault_shop_adworks]
D:2:      layout_basic, serial_glass, glass_columns_b, glass_columns_a
D:3:      layout_basic
D:4:      layout_basic, palyth_stone_intersect, nicolae_grassy_gnolls

Skill      XL: |  1  2  3  4  5 |
---------------+----------------+-----
Ranged Weapons | 3 4 5 6 |  6.2
Fighting       | 2 3 |  3.5
Armour         | 1 |  1.1
Dodging        | |  2.1
Spellcasting   | |  1.0
Hexes          | |  2.0

Action                     |  1- 3 |  4- 6 || total
---------------------------+-------+-------++-------
   Fire: Sling             |   115 |   100 ||   215
         Orcbow            |       |    21 ||    21
    Use: Scroll            |     4 |     6 ||    10
         Potion            |     1 |     3 ||     4
 Armour: Robe              |     3 |       ||     3
         Ring mail         |    18 |    28 ||    46
  Dodge: Dodged            |    37 |    42 ||    79

Table legend:
 A = Non-vault XP
 B = Vault XP
 C = Vault XP percentage of total XP
 D = Non-vault monster count
 E = Vault monster count
 F = Vault count percentage of total count
                 A         B        C        D         E       F
            +---------+---------+-------+---------+---------+-------
      Total |     384 |      41 |   9.6 |      66 |       3 |   4.3
            +---------+---------+-------+---------+---------+-------
        D:1 |      28 |       0 |   0.0 |      17 |       0 |   0.0
        D:2 |      94 |       0 |   0.0 |      23 |       0 |   0.0
        D:3 |      41 |       0 |   0.0 |      15 |       0 |   0.0
        D:4 |     221 |      41 |  15.6 |      11 |       3 |  21.4
            +---------+---------+-------+---------+---------+-------
